 Dungeon Sprint DCSS version 0.28.0-45-g0d030f2227 (webtiles) character file.

Game seed: 8687226304584332351

900000 boopmooplesden the Fencer (level 10, -43/115 HPs)
             Began as a Minotaur Berserker on Apr 14, 2022.
             Was a Believer of Trog.
             Annihilated by a meat berserker
             ... wielding a +9 battleaxe
              (64 damage)
             ... in the Dungeon (Sprint VIII: "Arena of Blood").
             The game lasted 00:00:17 (9 turns).

boopmooplesden the Fencer (Minotaur Berserker)         Turns: 9, Time: 00:00:17

Health: -43/115    AC:  2    Str: 23    XL:     10   Next: 77%
Magic:  9/9        EV: 16    Int:  4    God:    Trog [**....]
Gold:   0          SH:  0    Dex: 13    Spells: 9/9 levels left

rFire   . . .      SeeInvis .   i - +∞ Axe of Woe
rCold   . . .      Faith    .   (shield currently unavailable)
rNeg    . . .      Spirit   .   b - +0 animal skin
rPois   .          Reflect  .   (helmet restricted)
rElec   .          Harm     .   (no cloak)
rCorr   .          Rampage  .   (no gloves)
Will    .....      NoTele   +   (no boots)
Stlth   +.........              (no amulet)
HPRegen 0.29/turn               (no ring)
MPRegen 0.11/turn               (no ring)

@: no status effects
A: horns 2, retaliatory headbutt
a: Renounce Religion, Berserk, Trog's Hand


You were in the Dungeon.
You worshipped Trog.
Trog was pleased with you.
You visited 1 branch

Inventory:

Hand Weapons
 a - a +0 falchion
 i - the +∞ Axe of Woe (weapon)
   (You found it in the Dungeon)
Armour
 b - a +0 animal skin (worn)
Scrolls
 h - a scroll of blinking
Potions
 c - a potion of curing
 d - a potion of heal wounds
 e - a potion of haste
 f - 2 potions of magic
 g - a potion of berserk rage


   Skills:
 + Level 19.3 Fighting
 + Level 19.3 Long Blades
 + Level 10.8 Armour
 + Level 10.0 Dodging


You had 9 spell levels left.
You didn't know any spells.
Your spell library was empty.

Dungeon Overview and Level Annotations

Branches:
Dungeon (1/1)

Altars:
Makhleb


Innate Abilities, Weirdness & Mutations

You have a pair of horns on your head.
You reflexively headbutt those who attack you in melee.


Message History

You feel agile.
You have reached level 5!
You have reached level 6!
You have reached level 7!
You have reached level 8!
You feel agile.
You have reached level 9!
Your experience leads to an increase in your attributes!
Increase (S)trength, (I)ntelligence, or (D)exterity?
You feel stronger. x2
You have reached level 10!
You hear a shout! x8
Things that are here:
a +9 war axe; a +30 ring of slaying; a bag of meat corpse A meat berserker comes into view.
It is wielding a +9 battleaxe.
The meat berserker shouts!
You hear a shout! x4
A bag of meat comes into view. It is wielding a +9 war axe.
You hear a shout! x2
You slash the meat berserker!
You hew the meat berserker savagely.
You kill the meat berserker!
Trog accepts your kill.
You can now call upon Trog for regeneration and willpower.
You hit the bag of meat.
You butcher the bag of meat messily.
You kill the bag of meat!
Trog accepts your kill.
You hit the bag of meat.
You slaughter the bag of meat joyfully.
You kill the bag of meat!
Trog accepts your kill.
You hear a shout! x6
The meat berserker hits you with a +9 battleaxe!!!
You hear a shout!
The meat berserker hits you with a +9 battleaxe!!!
* * * LOW HITPOINT WARNING * * *
You hear a shout!
The meat berserker misses you. You furiously retaliate!
You headbutt the meat berserker, but do no damage.
You hear a shout! x2
The meat berserker hits you with a +9 battleaxe!!!
Ouch! That really hurt!
You die...

#...#.. ..........
.....#. ..o.......
....... ..........
....... ......... #
..... #.......#
...#... #.......#
#......###.o.....###.
.......@Oo..###......
....#..O)o..._......
. #.....O.#.....#..
..........#_.<._#
..#.......#.....#
....#o......._.o...
............###......
.......###... ..###.
#... ..#


You could see 3 meat berserkers and 4 bags of meat.

Vanquished Creatures
  An ogre (D)
  3 orcs (D)
4 creatures vanquished.

Notes
Turn   | Place    | Note
-------+----------+-------------------------------------------
     0 | D        | Found the +∞ Axe of Woe
     0 | D        | boopmooplesden the Minotaur Berserker began the quest for
                  | the Orb.
     0 | D        | Reached XP level 1. HP: 19/19 MP: 0/0
     0 | D        | Noticed a meat berserker
     3 | D        | Noticed a bag of meat
     4 | D        | Noticed a bag of meat
     4 | D        | Noticed a bag of meat
     4 | D        | Noticed a bag of meat
     5 | D        | Noticed a bag of meat
     5 | D        | Noticed a bag of meat
     6 | D        | Killed a bag of meat
     6 | D        | Noticed a meat berserker
     6 | D        | Noticed a meat berserker
     6 | D        | Noticed a bag of meat
     6 | D        | Noticed a bag of meat
     7 | D        | Reached skill level 10 in Armour
     7 | D        | Reached skill level 10 in Dodging
     7 | D        | Reached XP level 2. HP: 55/55 MP: 1/1
     7 | D        | Reached XP level 3. HP: 62/62 MP: 2/2
     7 | D        | Reached XP level 4. HP: 70/70 MP: 3/3
     7 | D        | Reached XP level 5. HP: 77/77 MP: 4/4
     7 | D        | Reached XP level 6. HP: 85/85 MP: 5/5
     7 | D        | Reached XP level 7. HP: 92/92 MP: 6/6
     7 | D        | Reached XP level 8. HP: 100/100 MP: 7/7
     7 | D        | Reached XP level 9. HP: 107/107 MP: 8/8
     7 | D        | Reached XP level 10. HP: 115/115 MP: 9/9
     8 | D        | Noticed a meat berserker
     8 | D        | Noticed a bag of meat
     9 | D        | Killed a meat berserker
     9 | D        | Reached ** piety under Trog
     9 | D        | Killed a bag of meat
     9 | D        | Killed a bag of meat
     9 | D        | Annihilated by a meat berserker

Illustrated notes

Levels and vault maps discovered:
D:        meatsprint

Skill      XL: |  1 |
---------------+----+-----
Fighting       | 19 | 19.3
Long Blades    | 19 | 19.3
Armour         | 10 | 10.8
Dodging        | 10 | 10.0

Action                   |  1- 3 |  4- 6 |  7- 9 | 10-12 || total
-------------------------+-------+-------+-------+-------++-------
Melee: Executioner's axe |     1 |       |       |     1 ||     2
Dodge: Dodged            |       |       |       |     1 ||     1
